AoeStats
← Black_Mahler

Arabia

508340274Analyzed
2v2 RM · 12d ago on Sep 22, 2026· 57m 19s· 4 players
Game mode
Random Map
Map size
Medium (4 player)
Population
200
Speed
Normal
Resources
Standard
Victory
Conquest
Starting age
Dark Age
Ending age
Imperial Age
RankedLock teamsTeams togetherTeam positionsShared explorationLock speedFull tech treeHidden civsTurbo modeCheats
Victory
Defeat
🇨🇴 Magyars · Colombia
1111
+12
🇨🇴 Muisca · Colombia
1016
+16
🇨🇱 Persians · Chile
1038
-15
🇨🇱 Khmer · Chile
989
-13
[PVS] Manu_X
7:31 Loom
9:57 Feudal Age
20:04 Castle Age
18:49 Town Watch
20:29 Fletching
20:31 Crossbowman
23:01 Double-Bit Axe
25:02 Ballistics
27:49 Pikeman
28:31 Squires
29:52 Wheelbarrow
31:14 Scale Barding Armor
31:32 Bloodlines
34:59 Gold Mining
36:33 Kamandaran
38:15 Bodkin Arrow
40:36 Husbandry
41:24 Chain Barding Armor
43:32 Padded Archer Armor
46:16 Imperial Age
48:47 Imperial Age
48:56 Heavy Scorpion
50:28 Leather Archer Armor
50:48 Thumb Ring
50:59 Horse Collar
52:30 Bow Saw
56:38 Two-Man Saw
Shaggy
10:07 Loom
11:52 Feudal Age
12:23 Man-at-Arms
13:37 Double-Bit Axe
14:31 Wheelbarrow
16:04 Horse Collar
22:05 Castle Age
22:19 Scale Barding Armor
25:15 Bow Saw
27:26 Hand Cart
28:29 Chain Barding Armor
35:26 Bloodlines
35:22 Husbandry
47:20 Imperial Age
46:02 Ballistics
48:26 Elite Ballista Elephant
49:11 Tusk Swords
49:29 Double Crossbow
50:06 Plate Barding Armor
49:24 Fletching
49:34 Padded Archer Armor
50:46 Chemistry
49:20 Light Cavalry
50:27 Elite Skirmisher
Black_Mahler
0:28 Loom
12:23 Feudal Age
21:52 Castle Age
20:47 Champi Runner
22:13 Double-Bit Axe
21:59 Crossbowman
22:15 Champi Warrior
22:48 Fletching
22:49 Town Watch
25:02 Wheelbarrow
28:52 Pikeman
39:25 Imperial Age
37:55 Horse Collar
43:25 Forging
44:42 Conscription
45:46 Elite Temple Guard
49:35 Bodkin Arrow
Ivar the Boneless
9:42 Feudal Age
9:45 Man-at-Arms
10:57 Double-Bit Axe
15:16 Horse Collar
16:19 Loom
18:51 Wheelbarrow
21:49 Castle Age
21:40 Bloodlines
21:41 Gold Mining
22:14 Scale Barding Armor
22:58 Hand Cart
23:04 Bow Saw
30:53 Town Watch
32:42 Pikeman
35:44 Scale Mail Armor
39:13 Imperial Age
37:54 Chain Barding Armor
37:25 Fletching
38:03 Corvinian Army
40:16 Heavy Cavalry Archer
40:20 Halberdier
41:19 Town Patrol
41:16 Bodkin Arrow
43:07 Conscription
43:03 Husbandry
43:06 Bracer
44:25 Chain Mail Armor
44:46 Plate Barding Armor
44:17 Recurve Bow
45:38 Two-Man Saw
45:16 Gold Shaft Mining
44:32 Stone Mining
46:58 Ballistics
47:39 Chemistry
46:14 Elite Magyar Huszar
Connection lost

Rejoining the realm…

Still unreachable

The connection could not be restored.

Session expired

The server has moved on; the page needs a fresh start.